 Dungeon Crawl Stone Soup version 0.28-a0-1506-g3893175d92 (webtiles) character file.

Game seed: 9484815468000605820

25 parzival7114810 the Skirmisher (level 3, -8/33 HPs)
             Began as a Hill Orc Fighter on Jan 13, 2022.
             Mangled by Sigmund (9 damage)
             ... on level 2 of the Dungeon.
             The game lasted 00:03:55 (1698 turns).

parzival7114810 the Skirmisher (Hill Orc Fighter)   Turns: 1698, Time: 00:03:56

Health: -8/33      AC:  6    Str: 17 (20) XL:     3   Next: 4%
Magic:  3/3        EV:  9    Int:  5 (8)  God:
Gold:   55         SH:  4    Dex:  8 (10) Spells: 2/2 levels left

rFire   . . .      SeeInvis .   a - +0 war axe
rCold   . . .      Faith    .   c - +0 buckler
rNeg    . . .      Spirit   .   b - +0 scale mail
rPois   .          Reflect  .   (no helmet)
rElec   .          Harm     .   (no cloak)
rCorr   .          Rampage  .   (no gloves)
Will    .....                   (no boots)
Stlth   ..........              (no amulet)
HPRegen 0.11/turn               (no ring)
MPRegen 0.08/turn               (no ring)

@: mighty
A: no striking features
a: no special abilities


You were on level 2 of the Dungeon.
You visited 1 branch of the dungeon, and saw 2 of its levels.

You collected 55 gold pieces.

Inventory:

Hand Weapons
 a - a +0 war axe (weapon)
Armour
 b - a +0 scale mail (worn)
 c - a +0 buckler (worn)
Potions
 e - 2 potions of degeneration


   Skills:
 + Level 3.8 Fighting
 + Level 3.6 Axes
 + Level 3.5 Armour
 + Level 0.1 Dodging
 + Level 3.5 Shields


You had 2 spell levels left.
You didn't know any spells.
Your spell library contained the following spells:

 Spells                   Type           Power      Damage    Failure   Level
 Conjure Flame            Conj/Fire      0%         6-21      100%        3
 Ignite Poison            Fire/Tmut/Pois 0%         N/A       100%        3
 Sticky Flame             Conj/Fire      0%         2d3       100%        4


Dungeon Overview and Level Annotations

Branches:
Dungeon (2/15)

Altars:

Shops:
D:2 =

Annotations:
D:2 Sigmund


Message History

Done exploring.
Done exploring.
There is a stone staircase leading down here.
You climb downwards.
Sigmund shouts!
The hobgoblin shouts!
The kobold shouts!
Found 19 stones.
Found Ihit Biotun's Jewellery Boutique.
Found an escape hatch in the floor.
Found a stone staircase leading down.
There is a stone staircase leading up here.
You closely miss the hobgoblin. You hit the kobold.
The kobold hits you but does no damage.
The hobgoblin hits you but does no damage.
You barely miss the hobgoblin. You hit the kobold but do no damage.
The kobold hits you with a +0 dagger. The hobgoblin barely misses you.
Sigmund hits you but does no damage.
You closely miss the hobgoblin. You slash the kobold!
You kill the kobold!
The hobgoblin hits you.
Sigmund hits you from afar with a +0 scythe!
The hobgoblin hits you but does no damage.
You have reached level 3!
Your experience leads to an increase in your attributes!
Your base attributes are Str 18, Int 8, Dex 10.
Increase (S)trength, (I)ntelligence, or (D)exterity?
You feel stronger. x2
You aren't carrying any scrolls.
You feel very mighty all of a sudden. The hobgoblin barely misses you.
You slash the hobgoblin!
You kill the hobgoblin!
Sigmund hits you from afar with a +0 scythe!
* * * LOW HITPOINT WARNING * * *
Sigmund gestures at you while chanting. The magic dart hits you.
* * * LOW HITPOINT WARNING * * *
There is a stone staircase leading up here.
You see here a hobgoblin corpse.
You hit Sigmund.
Sigmund is lightly wounded.
Sigmund hits you with a +0 scythe!
You die...

###### #....#
. ####..>.#
#. #.......#
#..#.......#
#..........#
#..........#
###...)@∩..#
#....@...#
##.......#
...........
###.>.....#♣♣
#....#.(#
##......#
.......#


You could see Sigmund.

Vanquished Creatures
  A dart slug (D:1)
  4 ball pythons (D:1)
  An endoplasm (D:1)
  A giant cockroach (D:1)
  A hobgoblin (D:2)
  3 jackals (D:1)
  2 bats (D:1)
  A frilled lizard (D:1)
  5 kobolds
  4 rats (D:1)
23 creatures vanquished.

Notes
Turn   | Place    | Note
-------+----------+-------------------------------------------
     0 | D:1      | parzival7114810 the Hill Orc Fighter began the quest for
                  | the Orb.
     0 | D:1      | Reached XP level 1. HP: 19/19 MP: 1/1
   448 | D:1      | Reached XP level 2. HP: 26/27 MP: 2/2
  1690 | D:2      | Noticed Sigmund
  1690 | D:2      | Found Ihit Biotun's Jewellery Boutique.
  1695 | D:2      | Reached XP level 3. HP: 15/33 MP: 3/3
  1697 | D:2      | HP: 1/33 [Sigmund/magic dart (5)]
  1698 | D:2      | Mangled by Sigmund

Illustrated notes

Levels and vault maps discovered:
D:1:      dpeg_arrival_pits, layout_loops_ring
D:2:      kb_forest_paths, layout_rooms,
          shapermc_ecumenical_altar_mp_ritualfount, serial_shops,
          nicolae_shop_crystal, shop, kennysheep_big_empty_room,
          minmay_misc_feat_roman, minmay_fractal_squares_gapless_5, uniq_sigmund

Skill      XL: |  1 |
---------------+----+-----
Axes           | 3 |  3.6
Fighting       | |  3.8
Armour         | |  3.5
Dodging        | |  0.1
Shields        | |  3.5

Action                   || total
-------------------------++-------
Melee: War axe           ||    87
  Use: Scroll            ||     3
       Potion            ||     3
Armor: Scale mail        ||    92
Dodge: Dodged            ||    70
Block: Buckler           ||    42

Table legend: (Time is in decaauts)
 A = Elapsed time spent in this place.
 B = Non-inter-level travel time spent in this place.
 C = Inter-level travel time spent in this place.
 D = Time resting spent in this place.
 E = Time spent auto-exploring this place.
 F = Levels seen in this place.
 G = Mean time per level.
                   A        B        C        D        E       F      G
               +--------+--------+--------+--------+--------+-----+--------+
         Total |   1729 |   1669 |     60 |    803 |    451 |   2 |  864.5 |
       Dungeon |   1729 |   1669 |     60 |    803 |    451 |   2 |  864.5 |
               +--------+--------+--------+--------+--------+-----+--------+

Top non-repeatable levels by time:
     D:1: 1720 daAuts
     D:2: 9 daAuts
